TAMPA BAY vs MONTREAL

Created - May 23, 2021 at 11:42

Goals
1 2 3 T
TAMPA BAY 2 2 0 4
MONTREAL 3 0 0 3
Shots
1 2 3 T
TAMPA BAY 9 10 10 29
MONTREAL 16 17 11 44

1st period

1. MONTREAL , Roope Hintz 10 (Phillip Danault 32, Keith Yandle 30) at 1:09
2. TAMPA BAY , Elias Lindholm 25 (Sebastian Aho 50, Nick Leddy 33) at 8:51 (PP)
3. MONTREAL , Roope Hintz 11 (Keith Yandle 31, Nino Niederreiter 11) at 9:22
4. TAMPA BAY , Robby Fabbri 4 (Wayne Simmonds 4) at 13:05
5. MONTREAL , Alex Iafallo 14 (Roope Hintz 16, Tony DeAngelo 20) at 17:14 (PP)

Penalties :
MacKenzie Weegar (TB ) for Elbowing (Minor) at 5:01, Nino Niederreiter (MON) for Hooking (Minor) at 8:35, Nick Leddy (TB ) for Diving (Minor) at 16:08, Viktor Arvidsson (TB ) for Slashing (Minor) at 17:37

2nd period

6. TAMPA BAY , Zach Werenski 16 (Mathew Barzal 41, Tomas Tatar 16) at 0:20
7. TAMPA BAY , John Klingberg 7 (Jakob Silfverberg 29, Zach Werenski 40) at 18:49 (SH)

Penalties :
Adam Larsson (MON) for Roughing (Minor) at 0:57, Joel Armia (MON) for High sticking (Minor) at 1:36, Nathan Beaulieu (MON) for Fighting (Major) at 17:50, Wayne Simmonds (TB ) for Fighting (Major) at 17:50, Rasmus Andersson (TB ) for Hooking (Minor) at 17:57

3rd period

No Goal

Penalties :
Vladislav Gavrikov (TB ) for Hooking (Minor) at 1:17, Wayne Simmonds (TB ) for Goalie Interference (Minor) at 3:44, Jake Virtanen (TB ) for Charging (Minor) at 16:03

Goalie Stats

Mike Smith (TB ), 41 saves from 44 shots - (0.932), W, 12-6-4, 60:00 minutes
Anton Khudobin (MON), 25 saves from 29 shots - (0.862), L, 22-28-3, 59:56 minutes

Players Stats for TAMPA BAY

Player Name              G  A  P  +/- PIM S  H  SB GA TA FO     MP     PP MP  PK MP  
------------------------------------------------------------------------------------
Elias Lindholm           1  0  1   1  0   3  1  2  0  0  15/41  22:28   1:35   7:19 
Filip Chytil             0  0  0   0  0   1  2  0  0  0  7/16   11:05   0:00   0:00 
Filip Forsberg           0  0  0   0  0   2  0  0  0  0  0/1    18:38   1:35   4:01 
Jake Virtanen            0  0  0   1  2   0  1  0  0  0  0/0     8:51   0:00   0:00 
Jakob Silfverberg        0  1  1   0  0   6  0  0  0  0  0/0    20:51   1:19   7:25 
Jesper Bratt             0  0  0   0  0   1  1  0  0  0  0/0    11:05   0:00   0:00 
John Klingberg           1  0  1   2  0   1  4  3  0  0  0/0    23:14   1:19   6:27 
MacKenzie Weegar         0  0  0   0  2   0  2  2  0  0  0/0    16:56   1:35   0:08 
Mathew Barzal            0  1  1  -1  0   5  1  0  0  0  8/20   17:59   1:19   4:01 
Nick Leddy               0  1  1  -1  2   1  1  0  0  0  0/0    20:21   1:35   4:49 
Rasmus Andersson         0  0  0  -1  2   0  0  0  0  0  0/0    15:18   0:00   0:23 
Robby Fabbri             1  0  1   1  0   1  0  0  0  0  3/11    9:00   0:00   0:08 
Sebastian Aho            0  1  1   0  0   4  1  0  0  0  1/1    15:09   1:35   0:00 
Tomas Tatar              0  1  1  -1  0   0  2  0  0  0  0/0    13:26   1:19   0:00 
Viktor Arvidsson         0  0  0   0  2   2  1  0  0  0  0/2    11:06   0:00   0:02 
Vladislav Gavrikov       0  0  0   0  2   0  0  4  0  0  0/0    20:53   0:00   4:42 
Wayne Simmonds           0  1  1   1  7   0  1  1  0  0  0/0     8:50   0:00   0:00 
Zach Werenski            1  1  2   2  0   2  4  1  0  0  0/0    23:14   1:19   6:27 

Players Stats for MONTREAL

Player Name              G  A  P  +/- PIM S  H  SB GA TA FO     MP     PP MP  PK MP  
------------------------------------------------------------------------------------
Adam Larsson             0  0  0   1  2   1  1  0  0  0  0/0    15:53   0:00   0:43 
Alex Iafallo             1  0  1   0  0   3  0  0  0  0  0/0    17:54   5:57   0:00 
Brock McGinn             0  0  0   0  0   0  0  0  0  0  0/1    16:53   0:00   0:54 
Connor Murphy            0  0  0  -1  0   1  2  3  0  0  0/0    20:21   0:27   2:11 
Corey Perry              0  0  0   0  0   0  0  0  0  0  0/0     0:02   0:00   0:00 
Joel Armia               0  0  0  -1  2   4  1  0  0  0  1/1    16:01   0:00   0:00 
Keith Yandle             0  2  2   1  0   3  0  0  0  0  0/0    21:41   6:01   0:39 
Mark Jankowski           0  0  0   0  0   0  0  0  0  0  3/4     6:54   0:00   0:00 
Max Pacioretty           0  0  0  -1  0   5  0  0  0  0  1/1    21:26   5:31   0:00 
Michael Grabner          0  0  0   0  0   1  0  0  0  0  1/1     6:54   0:00   0:00 
Nathan Beaulieu          0  0  0   0  5   0  0  0  0  0  0/0    12:52   0:00   1:45 
Nathan MacKinnon         0  0  0  -1  0   5  1  0  0  0  16/29  21:26   5:31   0:00 
Nino Niederreiter        0  1  1   0  2   1  0  0  0  0  2/2    16:01   5:34   0:00 
P.K. Subban              0  0  0  -2  0   2  0  0  0  0  0/0    25:02   5:27   0:30 
Phillip Danault          0  1  1   0  0   3  1  0  0  0  22/33  20:00   5:57   2:06 
Roope Hintz              2  1  3   1  0   7  0  0  0  0  2/3    20:36   5:57   0:39 
Tony DeAngelo            0  1  1  -1  0   4  2  1  0  0  0/0    18:35   5:27   0:00 
Vincent Trocheck         0  0  0  -1  0   4  3  1  0  0  10/17  17:11   5:31   0:48 

3 Stars

1 - Roope Hintz (MON)
2 - Zach Werenski (TB )
3 - John Klingberg (TB )

Power Play

TAMPA BAY - 1 on 3 Attempt(s) - 33.33%
MONTREAL - 1 on 7 Attempt(s) - 14.29%

Penalty Kill

TAMPA BAY - 6 on 7 Attempt(s) - 85.71% - Score 1 goal in Penalty Kill
MONTREAL - 2 on 3 Attempt(s) - 66.67% - Score 0 goal in Penalty Kill

Team Stat

TAMPA BAY - Hits : 22 - Faceoff Wins : 34 - Blocked Shots : 13 - Penalty Minutes : 19
MONTREAL - Hits : 11 - Faceoff Wins : 58 - Blocked Shots : 5 - Penalty Minutes : 11

Official

Referees : Kevin Martin and Kendrick Nicholson
Linesman : Kelsey Mahoney and Nick Kaddie

Game Notes

Corey Perry is injured at 1:11 of 1st period (Left Hand)
Nathan Beaulieu beats up Wayne Simmonds at 17:50 of 2nd period

Finance

Level 1 -- Attendance: 4342 (72.37%) -- Ticket Income $434,200
Level 2 -- Attendance: 4162 (83.24%) -- Ticket Income $249,720
Level 3 -- Attendance: 1822 (91.10%) -- Ticket Income $63,770
Level 4 -- Attendance: 4000 (100.00%) -- Ticket Income $80,000
Luxury Box -- Attendance: 689 (68.90%) -- Ticket Income $137,800
Game was played at the Bell Centre.
Total Attendance: 15015 (83.42%)
Total Ticket Income: $965,490
Total Income: $965,490

TAMPA BAY

5 vs 5 Forward 
   Center                   Left Wing                Right Wing               Time % Phy DF OF 
 1 Elias Lindholm           Sebastian Aho            Filip Forsberg           30     1   2  2  
 2 Mathew Barzal            Tomas Tatar              Jakob Silfverberg        28     1   2  2  
 3 Filip Chytil             Jesper Bratt             Viktor Arvidsson         24     1   2  2  
 4 Robby Fabbri             Wayne Simmonds           Jake Virtanen            18     1   2  2  

5 vs 5 Defense 
   Defense                  Defense                                           Time % Phy DF OF 
 1 Zach Werenski            John Klingberg                                    35     1   2  2  
 2 Rasmus Andersson         Nick Leddy                                        33     1   2  2  
 3 MacKenzie Weegar         Vladislav Gavrikov                                32     1   2  2  
 4 MacKenzie Weegar         Vladislav Gavrikov                                0      1   2  2  

PowerPlay Forward 
   Center                   Left Wing                Right Wing               Time % Phy DF OF 
 1 Elias Lindholm           Sebastian Aho            Filip Forsberg           60     1   2  2  
 2 Mathew Barzal            Tomas Tatar              Jakob Silfverberg        40     1   2  2  

PowerPlay Defense
   Defense                  Defense                                           Time % Phy DF OF 
 1 Zach Werenski            John Klingberg                                    60     1   2  2  
 2 Nick Leddy               MacKenzie Weegar                                  40     1   2  2  

Penalty Kill 4 Players Forward 
   Center                   Wing                     Time % Phy DF OF 
 1 Elias Lindholm           Jakob Silfverberg        60     1   3  1  
 2 Mathew Barzal            Filip Forsberg           40     1   3  1  

Penalty Kill 4 Players Defense
   Defense                  Defense                  Time % Phy DF OF 
 1 Zach Werenski            John Klingberg           60     1   3  1  
 2 Nick Leddy               Vladislav Gavrikov       40     1   3  1  

Penalty Kill - 3 Players Forward 
   Forward                                           Time % Phy DF OF 
 1 Sebastian Aho                                     60     1   3  1  
 2 Elias Lindholm                                    40     1   3  1  

Penalty Kill - 3 Players Defense
   Defense                  Defense                  Time % Phy DF OF 
 1 Zach Werenski            John Klingberg           60     1   3  1  
 2 Nick Leddy               Vladislav Gavrikov       40     1   3  1  

4 vs 4 Forward 
   Center                   Wing                     Time % Phy DF OF 
 1 Sebastian Aho            Elias Lindholm           60     1   2  2  
 2 Mathew Barzal            Filip Forsberg           40     1   2  2  

4 vs 4 Defense
   Defense                  Defense                  Time % Phy DF OF 
 1 Zach Werenski            John Klingberg           60     1   2  2  
 2 Rasmus Andersson         Nick Leddy               40     1   2  2  

Last Minutes Offensive
   Center                   Left Wing                Right Wing               Defense                  Defense                  
   Elias Lindholm           Sebastian Aho            Mathew Barzal            Zach Werenski            John Klingberg           

Last Minutes Defensive
   Center                   Left Wing                Right Wing               Defense                  Defense                  
   Elias Lindholm           Sebastian Aho            Mathew Barzal            Zach Werenski            John Klingberg           

Goaltenders
Starting : Mike Smith               
Backup : Anders Nilsson           

Extra Forwards
Normal : Tomas Tatar, Viktor Arvidsson, Jesper Bratt - PP : Viktor Arvidsson, Jake Virtanen - PK : Filip Forsberg
Extra Defensemen
Normal : MacKenzie Weegar, Vladislav Gavrikov, Nick Leddy - PP : Rasmus Andersson - PK : Rasmus Andersson, MacKenzie Weegar
Penalty Shots
Sebastian Aho, Elias Lindholm, Mathew Barzal, Filip Forsberg, Viktor Arvidsson

Scratches
Tyson Jost (Healthy), TB Cap Hit (Healthy), Casey DeSmith (Healthy)

MONTREAL

5 vs 5 Forward 
   Center                   Left Wing                Right Wing               Time % Phy DF OF 
 1 Nathan MacKinnon         Max Pacioretty           Joel Armia               35     0   1  4  
 2 Phillip Danault          Roope Hintz              Alex Iafallo             30     0   2  3  
 3 Vincent Trocheck         Nino Niederreiter        Corey Perry              25     0   2  3  
 4 Mark Jankowski           Brock McGinn             Michael Grabner          10     2   1  2  

5 vs 5 Defense 
   Defense                  Defense                                           Time % Phy DF OF 
 1 P.K. Subban              Connor Murphy                                     37     1   2  2  
 2 Keith Yandle             Adam Larsson                                      33     1   2  2  
 3 Tony DeAngelo            Nathan Beaulieu                                   20     1   2  2  
 4 P.K. Subban              Connor Murphy                                     10     1   2  2  

PowerPlay Forward 
   Center                   Left Wing                Right Wing               Time % Phy DF OF 
 1 Nathan MacKinnon         Max Pacioretty           Vincent Trocheck         60     0   1  4  
 2 Phillip Danault          Roope Hintz              Alex Iafallo             40     0   1  4  

PowerPlay Defense
   Defense                  Defense                                           Time % Phy DF OF 
 1 Tony DeAngelo            P.K. Subban                                       60     0   2  3  
 2 Keith Yandle             Nino Niederreiter                                 40     0   2  3  

Penalty Kill 4 Players Forward 
   Center                   Wing                     Time % Phy DF OF 
 1 Phillip Danault          Brock McGinn             60     1   3  1  
 2 Vincent Trocheck         Joel Armia               40     1   3  1  

Penalty Kill 4 Players Defense
   Defense                  Defense                  Time % Phy DF OF 
 1 P.K. Subban              Connor Murphy            60     1   3  1  
 2 Adam Larsson             Nathan Beaulieu          40     1   3  1  

Penalty Kill - 3 Players Forward 
   Forward                                           Time % Phy DF OF 
 1 Phillip Danault                                   60     1   3  1  
 2 Vincent Trocheck                                  40     1   3  1  

Penalty Kill - 3 Players Defense
   Defense                  Defense                  Time % Phy DF OF 
 1 P.K. Subban              Connor Murphy            60     1   3  1  
 2 Adam Larsson             Nathan Beaulieu          40     1   3  1  

4 vs 4 Forward 
   Center                   Wing                     Time % Phy DF OF 
 1 Nathan MacKinnon         Max Pacioretty           60     0   2  3  
 2 Vincent Trocheck         Michael Grabner          40     0   2  3  

4 vs 4 Defense
   Defense                  Defense                  Time % Phy DF OF 
 1 Connor Murphy            P.K. Subban              60     1   2  2  
 2 Keith Yandle             Tony DeAngelo            40     1   2  2  

Last Minutes Offensive
   Center                   Left Wing                Right Wing               Defense                  Defense                  
   Nathan MacKinnon         Max Pacioretty           Vincent Trocheck         Tony DeAngelo            P.K. Subban              

Last Minutes Defensive
   Center                   Left Wing                Right Wing               Defense                  Defense                  
   Phillip Danault          Max Pacioretty           Vincent Trocheck         Connor Murphy            P.K. Subban              

Goaltenders
Starting : Anton Khudobin           
Backup : Robin Lehner             

Extra Forwards
Normal : Brock McGinn, Corey Perry, Roope Hintz - PP : Brock McGinn, Corey Perry - PK : Roope Hintz
Extra Defensemen
Normal : Tony DeAngelo, P.K. Subban, Keith Yandle - PP : Tony DeAngelo - PK : Adam Larsson, Connor Murphy
Penalty Shots
Nathan MacKinnon, Max Pacioretty, Vincent Trocheck, Roope Hintz, Alex Iafallo

Scratches
MTL Cap Hit (Suspend), Sonny Milano (Healthy)

% Time on Ice - TAMPA BAY

Lines # - Real PCT - Wanted PCT - Time Play
Normal Forward
1 - 29% - 30% - 13:02
2 - 27% - 28% - 12:07
3 - 25% - 24% - 11:05
4 - 20% - 18% - 8:52
Normal Defense
1 - 33% - 35% - 14:56
2 - 33% - 33% - 14:56
3 - 34% - 32% - 15:14
4 - 0% - 0% - 0:00
PP Forward
1 - 55% - 60% - 1:35
2 - 45% - 40% - 1:19
PP Defense
1 - 45% - 60% - 1:19
2 - 55% - 40% - 1:35
PK Forward
1 - 65% - 60% - 7:27
2 - 35% - 40% - 4:01
PK Defense
1 - 56% - 60% - 6:27
2 - 44% - 40% - 5:01
PK3 Forward
1 - 0% - 60%
2 - 0% - 40%
PK3 Defense
1 - 0% - 60%
2 - 0% - 40%
44 Forward
1 - 0% - 60%
2 - 0% - 40%
44 Defense
1 - 0% - 60%
2 - 0% - 40%
Last Minute Offensive  - 0:00
Last Minute Defensive  - 0:32
Total
Forward - 60:00
Defense - 60:00

% Time on Ice - MONTREAL

Lines # - Real PCT - Wanted PCT - Time Play
Normal Forward
1 - 35% - 35% - 15:55
2 - 26% - 30% - 11:57
3 - 23% - 25% - 10:28
4 - 15% - 10% - 6:54
Normal Defense
1 - 36% - 37% - 16:16
2 - 33% - 33% - 15:01
3 - 28% - 20% - 12:44
4 - 3% - 10% - 1:13
PP Forward
1 - 48% - 60% - 5:31
2 - 52% - 40% - 5:57
PP Defense
1 - 48% - 60% - 5:27
2 - 52% - 40% - 6:01
PK Forward
1 - 57% - 60% - 0:54
2 - 43% - 40% - 0:40
PK Defense
1 - 32% - 60% - 0:30
2 - 68% - 40% - 1:04
PK3 Forward
1 - 90% - 60% - 1:12
2 - 10% - 40% - 0:08
PK3 Defense
1 - 0% - 60% - 0:00
2 - 100% - 40% - 1:20
44 Forward
1 - 0% - 60%
2 - 0% - 40%
44 Defense
1 - 0% - 60%
2 - 0% - 40%
Last Minute Offensive  - 0:24
Last Minute Defensive  - 0:00
Total
Forward - 60:00
Defense - 60:00

Play-by-Play

1st period


0:01 of 1st period - Elias Lindholm wins face-off versus Nathan MacKinnon in neutral zone.
0:06 of 1st period - Joel Armia is hit by Sebastian Aho and loses puck.
0:12 of 1st period - Nathan MacKinnon is hit by John Klingberg and loses puck.
0:24 of 1st period - Joel Armia is hit by Zach Werenski and loses puck.
1:07 of 1st period - Shot by Phillip Danault.
1:07 of 1st period - Shot Misses the Net.
1:09 of 1st period - Shot by Roope Hintz.
1:09 of 1st period - Goal by Roope Hintz - TAMPA BAY : 0 - MONTREAL : 1.
1:10 of 1st period - Vincent Trocheck wins face-off versus Filip Chytil in neutral zone.
1:10 of 1st period - Corey Perry is hit by Jesper Bratt and loses puck.
1:11 of 1st period - Corey Perry from MONTREAL is injured at 1:11 of 1st period (Left Hand).
1:12 of 1st period - Filip Chytil wins face-off versus Vincent Trocheck in neutral zone.
1:21 of 1st period - Shot by Jesper Bratt.
1:21 of 1st period - Shot Misses the Net.
1:43 of 1st period - Shot by Viktor Arvidsson.
1:43 of 1st period - Deflect By Jesper Bratt.
1:43 of 1st period - Stopped by Anton Khudobin without a rebound.
1:44 of 1st period - Phillip Danault wins face-off versus Robby Fabbri in MONTREAL zone.
2:07 of 1st period - Shot by Roope Hintz.
2:07 of 1st period - Stopped by Mike Smith with a rebound.
2:30 of 1st period - Icing by P.K. Subban.
2:31 of 1st period - Mathew Barzal wins face-off versus Phillip Danault in MONTREAL zone.
2:50 of 1st period - Shot by Jakob Silfverberg.
2:50 of 1st period - Shot Blocked by Connor Murphy.
2:56 of 1st period - Shot by Jakob Silfverberg.
2:56 of 1st period - Stopped by Anton Khudobin without a rebound.
2:57 of 1st period - Mark Jankowski wins face-off versus Filip Chytil in MONTREAL zone.
2:57 of 1st period - Mark Jankowski is hit by Filip Chytil.
3:14 of 1st period - Off-side.
3:15 of 1st period - Nathan MacKinnon wins face-off versus Elias Lindholm in neutral zone.
3:24 of 1st period - Shot by Nathan MacKinnon.
3:24 of 1st period - Shot Misses the Net.
3:26 of 1st period - Shot by Nathan MacKinnon.
3:26 of 1st period - Shot Misses the Net.
3:34 of 1st period - Shot by Tony DeAngelo.
3:34 of 1st period - Stopped by Mike Smith with a rebound.
3:36 of 1st period - Shot by Joel Armia.
3:36 of 1st period - Shot Misses the Net.
3:51 of 1st period - Off-side.
3:52 of 1st period - Vincent Trocheck wins face-off versus Mathew Barzal in neutral zone.
4:01 of 1st period - Shot by Vincent Trocheck.
4:01 of 1st period - Shot Misses the Net.
4:09 of 1st period - Shot by Vincent Trocheck.
4:09 of 1st period - Stopped by Mike Smith without a rebound.
4:10 of 1st period - Filip Chytil wins face-off versus Phillip Danault in TAMPA BAY zone.
4:47 of 1st period - Shot by Roope Hintz.
4:47 of 1st period - Shot Misses the Net.
4:49 of 1st period - Shot by Roope Hintz.
4:49 of 1st period - Stopped by Mike Smith without a rebound.
4:50 of 1st period - Vincent Trocheck wins face-off versus Mathew Barzal in TAMPA BAY zone.
5:00 of 1st period - Vincent Trocheck is hit by MacKenzie Weegar and loses puck.
5:01 of 1st period - Minor Penalty to MacKenzie Weegar for Elbowing.
5:02 of 1st period - Elias Lindholm wins face-off versus Nathan MacKinnon in TAMPA BAY zone.
5:02 of 1st period - Elias Lindholm is hit by Vincent Trocheck.
5:27 of 1st period - Shot by Tony DeAngelo.
5:27 of 1st period - Stopped by Mike Smith with a rebound.
5:34 of 1st period - Icing by P.K. Subban.
5:35 of 1st period - Elias Lindholm wins face-off versus Nathan MacKinnon in MONTREAL zone.
5:46 of 1st period - Shot by Max Pacioretty.
5:46 of 1st period - Stopped by Mike Smith without a rebound.
5:47 of 1st period - Phillip Danault wins face-off versus Elias Lindholm in TAMPA BAY zone.
5:48 of 1st period - Shot by Keith Yandle.
5:48 of 1st period - Stopped by Mike Smith without a rebound.
5:49 of 1st period - Phillip Danault wins face-off versus Elias Lindholm in TAMPA BAY zone.
5:50 of 1st period - Shot by Alex Iafallo.
5:50 of 1st period - Shot Misses the Net.
6:11 of 1st period - Icing by Phillip Danault.
6:12 of 1st period - Phillip Danault wins face-off versus Elias Lindholm in MONTREAL zone.
6:58 of 1st period - Shot by Tony DeAngelo.
6:58 of 1st period - Shot Blocked by John Klingberg.
7:28 of 1st period - Shot by Mark Jankowski.
7:28 of 1st period - Shot Blocked by John Klingberg.
8:28 of 1st period - Shot by Joel Armia.
8:28 of 1st period - Stopped by Mike Smith without a rebound.
8:29 of 1st period - Vincent Trocheck wins face-off versus Elias Lindholm in TAMPA BAY zone.
8:35 of 1st period - Minor Penalty to Nino Niederreiter for Hooking.
8:36 of 1st period - Phillip Danault wins face-off versus Elias Lindholm in MONTREAL zone.
8:51 of 1st period - Shot by Elias Lindholm.
8:51 of 1st period - Goal by Elias Lindholm - TAMPA BAY : 1 - MONTREAL : 1.
8:52 of 1st period - Vincent Trocheck wins face-off versus Mathew Barzal in neutral zone.
8:54 of 1st period - Keith Yandle is hit by Mathew Barzal and loses puck.
8:59 of 1st period - Jakob Silfverberg is hit by Vincent Trocheck and loses puck.
9:22 of 1st period - Shot by Roope Hintz.
9:22 of 1st period - Goal by Roope Hintz - TAMPA BAY : 1 - MONTREAL : 2.
9:23 of 1st period - Elias Lindholm wins face-off versus Nathan MacKinnon in neutral zone.
9:51 of 1st period - Shot by Max Pacioretty.
9:51 of 1st period - Shot Misses the Net.
10:00 of 1st period - Icing by P.K. Subban.
10:01 of 1st period - Nathan MacKinnon wins face-off versus Mathew Barzal in MONTREAL zone.
11:16 of 1st period - Shot by Viktor Arvidsson.
11:16 of 1st period - Stopped by Anton Khudobin with a rebound.
11:39 of 1st period - Icing by Rasmus Andersson.
11:40 of 1st period - Elias Lindholm wins face-off versus Phillip Danault in TAMPA BAY zone.
12:03 of 1st period - Shot by Sebastian Aho.
12:03 of 1st period - Deflect By Elias Lindholm.
12:03 of 1st period - Stopped by Anton Khudobin with a rebound.
12:59 of 1st period - Shot by Mathew Barzal.
12:59 of 1st period - Stopped by Anton Khudobin without a rebound.
13:00 of 1st period - Robby Fabbri wins face-off versus Vincent Trocheck in MONTREAL zone.
13:03 of 1st period - Shot by Wayne Simmonds.
13:03 of 1st period - Shot Misses the Net.
13:05 of 1st period - Shot by Robby Fabbri.
13:05 of 1st period - Goal by Robby Fabbri - TAMPA BAY : 2 - MONTREAL : 2.
13:06 of 1st period - Nino Niederreiter wins face-off versus Robby Fabbri in neutral zone.
13:29 of 1st period - Shot by Vincent Trocheck.
13:29 of 1st period - Stopped by Mike Smith without a rebound.
13:30 of 1st period - Nathan MacKinnon wins face-off versus Mathew Barzal in TAMPA BAY zone.
13:46 of 1st period - Nathan MacKinnon is hit by Zach Werenski and loses puck.
14:04 of 1st period - Max Pacioretty is hit by Zach Werenski and loses puck.
14:43 of 1st period - Shot by Nino Niederreiter.
14:43 of 1st period - Shot Blocked by Vladislav Gavrikov.
14:45 of 1st period - Shot by Vincent Trocheck.
14:45 of 1st period - Shot Misses the Net.
15:29 of 1st period - Shot by Phillip Danault.
15:29 of 1st period - Stopped by Mike Smith without a rebound.
15:30 of 1st period - Filip Chytil wins face-off versus Nathan MacKinnon in TAMPA BAY zone.
15:34 of 1st period - Rasmus Andersson is hit by Adam Larsson and loses puck.
15:39 of 1st period - Shot by Viktor Arvidsson.
15:39 of 1st period - Stopped by Anton Khudobin with a rebound.
15:41 of 1st period - Shot by Nick Leddy.
15:41 of 1st period - Stopped by Anton Khudobin without a rebound.
15:42 of 1st period - Mark Jankowski wins face-off versus Robby Fabbri in MONTREAL zone.
16:08 of 1st period - Minor Penalty to Nick Leddy for Diving.
16:09 of 1st period - Nathan MacKinnon wins face-off versus Elias Lindholm in TAMPA BAY zone.
16:09 of 1st period - Nathan MacKinnon is hit by John Klingberg.
16:24 of 1st period - Nathan MacKinnon is hit by Zach Werenski and loses puck.
16:43 of 1st period - Shot by Max Pacioretty.
16:43 of 1st period - Stopped by Mike Smith without a rebound.
16:44 of 1st period - Phillip Danault wins face-off versus Elias Lindholm in TAMPA BAY zone.
16:49 of 1st period - Shot by Roope Hintz.
16:49 of 1st period - Shot Misses the Net.
17:12 of 1st period - Shot by Alex Iafallo.
17:12 of 1st period - Shot Misses the Net.
17:14 of 1st period - Shot by Alex Iafallo.
17:14 of 1st period - Goal by Alex Iafallo - TAMPA BAY : 2 - MONTREAL : 3.
17:15 of 1st period - Michael Grabner wins face-off versus Filip Chytil in neutral zone.
17:37 of 1st period - Minor Penalty to Viktor Arvidsson for Slashing.
17:38 of 1st period - Nathan MacKinnon wins face-off versus Elias Lindholm in TAMPA BAY zone.
17:47 of 1st period - Shot by Nathan MacKinnon.
17:47 of 1st period - Shot Blocked by John Klingberg.
17:49 of 1st period - Shot by P.K. Subban.
17:49 of 1st period - Stopped by Mike Smith without a rebound.
17:50 of 1st period - Mathew Barzal wins face-off versus Phillip Danault in TAMPA BAY zone.
18:55 of 1st period - Icing by Keith Yandle.
18:56 of 1st period - Elias Lindholm wins face-off versus Phillip Danault in MONTREAL zone.
19:44 of 1st period - Shot by Michael Grabner.
19:44 of 1st period - Stopped by Mike Smith without a rebound.
19:45 of 1st period - Filip Chytil wins face-off versus Mark Jankowski in TAMPA BAY zone.
Goals for this period are 2 for TAMPA BAY vs 3 for MONTREAL.
Shots for this period are 9 for TAMPA BAY vs 16 for MONTREAL.

2nd period


0:01 of 2nd period - Mathew Barzal wins face-off versus Phillip Danault in neutral zone.
0:20 of 2nd period - Shot by Zach Werenski.
0:20 of 2nd period - Goal by Zach Werenski - TAMPA BAY : 3 - MONTREAL : 3.
0:21 of 2nd period - Nathan MacKinnon wins face-off versus Elias Lindholm in neutral zone.
0:28 of 2nd period - Shot by Nathan MacKinnon.
0:28 of 2nd period - Shot Misses the Net.
0:41 of 2nd period - Off-side.
0:42 of 2nd period - Phillip Danault wins face-off versus Mathew Barzal in neutral zone.
0:57 of 2nd period - Minor Penalty to Adam Larsson for Roughing.
0:58 of 2nd period - Phillip Danault wins face-off versus Elias Lindholm in MONTREAL zone.
1:27 of 2nd period - Shot by Sebastian Aho.
1:27 of 2nd period - Stopped by Anton Khudobin without a rebound.
1:28 of 2nd period - Mathew Barzal wins face-off versus Phillip Danault in MONTREAL zone.
1:36 of 2nd period - Minor Penalty to Joel Armia for High sticking.
1:37 of 2nd period - Mathew Barzal wins face-off versus Phillip Danault in MONTREAL zone.
2:00 of 2nd period - Shot by Mathew Barzal.
2:00 of 2nd period - Stopped by Anton Khudobin without a rebound.
2:01 of 2nd period - Phillip Danault wins face-off versus Elias Lindholm in MONTREAL zone.
2:23 of 2nd period - Shot by Filip Forsberg.
2:23 of 2nd period - Shot Misses the Net.
2:25 of 2nd period - Shot by Zach Werenski.
2:25 of 2nd period - Shot Misses the Net.
3:15 of 2nd period - Shot by Nick Leddy.
3:15 of 2nd period - Shot Misses the Net.
3:17 of 2nd period - Shot by MacKenzie Weegar.
3:17 of 2nd period - Shot Misses the Net.
4:11 of 2nd period - Icing by Vladislav Gavrikov.
4:12 of 2nd period - Filip Chytil wins face-off versus Nathan MacKinnon in TAMPA BAY zone.
4:48 of 2nd period - Shot by Joel Armia.
4:48 of 2nd period - Stopped by Mike Smith without a rebound.
4:49 of 2nd period - Mathew Barzal wins face-off versus Vincent Trocheck in TAMPA BAY zone.
5:07 of 2nd period - Icing by Nathan Beaulieu.
5:08 of 2nd period - Elias Lindholm wins face-off versus Vincent Trocheck in MONTREAL zone.
5:29 of 2nd period - Shot by Nino Niederreiter.
5:29 of 2nd period - Stopped by Mike Smith without a rebound.
5:30 of 2nd period - Phillip Danault wins face-off versus Mathew Barzal in TAMPA BAY zone.
5:42 of 2nd period - Phillip Danault is hit by John Klingberg and loses puck.
5:51 of 2nd period - Shot by Roope Hintz.
5:51 of 2nd period - Stopped by Mike Smith with a rebound.
5:55 of 2nd period - Shot by Roope Hintz.
5:55 of 2nd period - Shot Misses the Net.
5:57 of 2nd period - Shot by Alex Iafallo.
5:57 of 2nd period - Shot Hit the Post.
5:59 of 2nd period - Shot by Connor Murphy.
5:59 of 2nd period - Shot Hit the Post.
6:01 of 2nd period - Shot by Phillip Danault.
6:01 of 2nd period - Stopped by Mike Smith without a rebound.
6:02 of 2nd period - Max Pacioretty wins face-off versus Elias Lindholm in TAMPA BAY zone.
6:05 of 2nd period - Shot by Max Pacioretty.
6:05 of 2nd period - Stopped by Mike Smith with a rebound.
6:07 of 2nd period - Shot by Nathan MacKinnon.
6:07 of 2nd period - Shot Blocked by Elias Lindholm.
6:11 of 2nd period - Shot by Nathan MacKinnon.
6:11 of 2nd period - Shot Blocked by Elias Lindholm.
6:13 of 2nd period - Shot by Keith Yandle.
6:13 of 2nd period - Deflect By Max Pacioretty.
6:13 of 2nd period - Shot Misses the Net.
6:15 of 2nd period - Shot by Joel Armia.
6:15 of 2nd period - Deflect By Nathan MacKinnon.
6:15 of 2nd period - Stopped by Mike Smith without a rebound.
6:16 of 2nd period - Robby Fabbri wins face-off versus Vincent Trocheck in TAMPA BAY zone.
7:23 of 2nd period - Shot by Nathan MacKinnon.
7:23 of 2nd period - Stopped by Mike Smith with a rebound.
7:25 of 2nd period - Shot by Connor Murphy.
7:25 of 2nd period - Stopped by Mike Smith without a rebound.
7:26 of 2nd period - Elias Lindholm wins face-off versus Phillip Danault in TAMPA BAY zone.
7:43 of 2nd period - Shot by Sebastian Aho.
7:43 of 2nd period - Deflect By Elias Lindholm.
7:43 of 2nd period - Shot Misses the Net.
8:48 of 2nd period - Joel Armia is hit by Tomas Tatar and loses puck.
9:17 of 2nd period - Shot by Nathan MacKinnon.
9:17 of 2nd period - Stopped by Mike Smith without a rebound.
9:18 of 2nd period - Filip Chytil wins face-off versus Vincent Trocheck in TAMPA BAY zone.
9:49 of 2nd period - Shot by Viktor Arvidsson.
9:49 of 2nd period - Shot Blocked by Vincent Trocheck.
9:53 of 2nd period - Shot by Filip Chytil.
9:53 of 2nd period - Stopped by Anton Khudobin without a rebound.
9:54 of 2nd period - Robby Fabbri wins face-off versus Nathan MacKinnon in MONTREAL zone.
10:09 of 2nd period - Shot by Joel Armia.
10:09 of 2nd period - Stopped by Mike Smith without a rebound.
10:10 of 2nd period - Mark Jankowski wins face-off versus Elias Lindholm in TAMPA BAY zone.
10:11 of 2nd period - Shot by P.K. Subban.
10:11 of 2nd period - Shot Misses the Net.
10:23 of 2nd period - Shot by Filip Forsberg.
10:23 of 2nd period - Shot Blocked by Connor Murphy.
10:31 of 2nd period - Shot by Sebastian Aho.
10:31 of 2nd period - Stopped by Anton Khudobin with a rebound.
11:22 of 2nd period - Mathew Barzal is hit by Connor Murphy.
12:02 of 2nd period - Shot by Max Pacioretty.
12:02 of 2nd period - Stopped by Mike Smith without a rebound.
12:03 of 2nd period - Phillip Danault wins face-off versus Robby Fabbri in TAMPA BAY zone.
12:17 of 2nd period - Jake Virtanen is hit by Tony DeAngelo.
12:43 of 2nd period - Shot by Alex Iafallo.
12:43 of 2nd period - Stopped by Mike Smith without a rebound.
12:44 of 2nd period - Elias Lindholm wins face-off versus Nathan MacKinnon in TAMPA BAY zone.
12:44 of 2nd period - Elias Lindholm is hit by Nathan MacKinnon.
12:52 of 2nd period - Shot by Nathan MacKinnon.
12:52 of 2nd period - Stopped by Mike Smith without a rebound.
12:53 of 2nd period - Mathew Barzal wins face-off versus Nathan MacKinnon in TAMPA BAY zone.
13:20 of 2nd period - Shot by Jakob Silfverberg.
13:20 of 2nd period - Stopped by Anton Khudobin without a rebound.
13:21 of 2nd period - Sebastian Aho wins face-off versus Vincent Trocheck in MONTREAL zone.
13:21 of 2nd period - Sebastian Aho is hit by Tony DeAngelo.
13:25 of 2nd period - Shot by Filip Forsberg.
13:25 of 2nd period - Stopped by Anton Khudobin without a rebound.
13:26 of 2nd period - Phillip Danault wins face-off versus Elias Lindholm in MONTREAL zone.
13:26 of 2nd period - Phillip Danault is hit by Elias Lindholm.
13:37 of 2nd period - Roope Hintz is hit by MacKenzie Weegar and loses puck.
13:40 of 2nd period - Shot by Phillip Danault.
13:40 of 2nd period - Shot Blocked by MacKenzie Weegar.
13:42 of 2nd period - Shot by Phillip Danault.
13:42 of 2nd period - Shot Blocked by Vladislav Gavrikov.
13:44 of 2nd period - Shot by Roope Hintz.
13:44 of 2nd period - Stopped by Mike Smith without a rebound.
13:45 of 2nd period - Joel Armia wins face-off versus Filip Chytil in TAMPA BAY zone.
13:51 of 2nd period - Icing by Viktor Arvidsson.
13:52 of 2nd period - Nathan MacKinnon wins face-off versus Viktor Arvidsson in TAMPA BAY zone.
14:17 of 2nd period - Max Pacioretty is hit by Viktor Arvidsson and loses puck.
14:53 of 2nd period - Icing by Sebastian Aho.
14:54 of 2nd period - Phillip Danault wins face-off versus Elias Lindholm in TAMPA BAY zone.
15:04 of 2nd period - Icing by Adam Larsson.
15:05 of 2nd period - Phillip Danault wins face-off versus Mathew Barzal in MONTREAL zone.
16:09 of 2nd period - Shot by Brock McGinn.
16:09 of 2nd period - Deflect By Vincent Trocheck.
16:09 of 2nd period - Stopped by Mike Smith without a rebound.
16:10 of 2nd period - Nathan MacKinnon wins face-off versus Elias Lindholm in TAMPA BAY zone.
17:16 of 2nd period - Shot by Tony DeAngelo.
17:16 of 2nd period - Stopped by Mike Smith without a rebound.
17:17 of 2nd period - Phillip Danault wins face-off versus Filip Chytil in TAMPA BAY zone.
17:29 of 2nd period - Shot by Zach Werenski.
17:29 of 2nd period - Stopped by Anton Khudobin without a rebound.
17:30 of 2nd period - Vincent Trocheck wins face-off versus Robby Fabbri in MONTREAL zone.
17:41 of 2nd period - Shot by Vincent Trocheck.
17:41 of 2nd period - Shot Misses the Net.
17:47 of 2nd period - Shot by Tony DeAngelo.
17:47 of 2nd period - Shot Misses the Net.
17:49 of 2nd period - Shot by Vincent Trocheck.
17:49 of 2nd period - Shot Misses the Net.
17:50 of 2nd period - Nathan Beaulieu beats up Wayne Simmonds.
17:50 of 2nd period - Penalty to Nathan Beaulieu for Fighting.
17:50 of 2nd period - Penalty to Wayne Simmonds for Fighting.
17:51 of 2nd period - Nathan MacKinnon wins face-off versus Filip Chytil in TAMPA BAY zone.
17:57 of 2nd period - Minor Penalty to Rasmus Andersson for Hooking.
17:58 of 2nd period - Nathan MacKinnon wins face-off versus Elias Lindholm in TAMPA BAY zone.
18:37 of 2nd period - Icing by Max Pacioretty.
18:38 of 2nd period - Elias Lindholm wins face-off versus Nathan MacKinnon in MONTREAL zone.
18:47 of 2nd period - Shot by Jakob Silfverberg.
18:47 of 2nd period - Stopped by Anton Khudobin with a rebound.
18:49 of 2nd period - Shot by John Klingberg.
18:49 of 2nd period - Goal by John Klingberg - TAMPA BAY : 4 - MONTREAL : 3.
18:50 of 2nd period - Phillip Danault wins face-off versus Mathew Barzal in neutral zone.
19:08 of 2nd period - Shot by Alex Iafallo.
19:08 of 2nd period - Deflect By Phillip Danault.
19:08 of 2nd period - Stopped by Mike Smith without a rebound.
19:09 of 2nd period - Elias Lindholm wins face-off versus Phillip Danault in TAMPA BAY zone.
Goals for this period are 2 for TAMPA BAY vs 0 for MONTREAL.
Shots for this period are 10 for TAMPA BAY vs 17 for MONTREAL.

3rd period


0:01 of 3rd period - Nathan MacKinnon wins face-off versus Mathew Barzal in neutral zone.
0:01 of 3rd period - Max Pacioretty is hit by Tomas Tatar and loses puck.
0:08 of 3rd period - Shot by Max Pacioretty.
0:08 of 3rd period - Shot Blocked by MacKenzie Weegar.
0:14 of 3rd period - Shot by Nathan MacKinnon.
0:14 of 3rd period - Stopped by Mike Smith without a rebound.
0:15 of 3rd period - Elias Lindholm wins face-off versus Roope Hintz in TAMPA BAY zone.
0:40 of 3rd period - Shot by Sebastian Aho.
0:40 of 3rd period - Shot Blocked by Connor Murphy.
0:42 of 3rd period - Shot by Sebastian Aho.
0:42 of 3rd period - Stopped by Anton Khudobin without a rebound.
0:43 of 3rd period - Filip Chytil wins face-off versus Nathan MacKinnon in MONTREAL zone.
0:57 of 3rd period - Icing by Keith Yandle.
0:58 of 3rd period - Mathew Barzal wins face-off versus Nathan MacKinnon in MONTREAL zone.
1:09 of 3rd period - Shot by Jakob Silfverberg.
1:09 of 3rd period - Stopped by Anton Khudobin with a rebound.
1:15 of 3rd period - Vladislav Gavrikov is hit by Joel Armia and loses puck.
1:17 of 3rd period - Minor Penalty to Vladislav Gavrikov for Hooking.
1:18 of 3rd period - Phillip Danault wins face-off versus Filip Chytil in TAMPA BAY zone.
1:29 of 3rd period - Shot by Alex Iafallo.
1:29 of 3rd period - Stopped by Mike Smith without a rebound.
1:30 of 3rd period - Nino Niederreiter wins face-off versus Elias Lindholm in TAMPA BAY zone.
2:49 of 3rd period - Shot by Mathew Barzal.
2:49 of 3rd period - Stopped by Anton Khudobin with a rebound.
2:51 of 3rd period - Shot by Elias Lindholm.
2:51 of 3rd period - Stopped by Anton Khudobin without a rebound.
2:52 of 3rd period - Phillip Danault wins face-off versus Elias Lindholm in MONTREAL zone.
3:14 of 3rd period - Shot by Keith Yandle.
3:14 of 3rd period - Stopped by Mike Smith with a rebound.
3:28 of 3rd period - Shot by Jake Virtanen.
3:28 of 3rd period - Shot Blocked by Tony DeAngelo.
3:30 of 3rd period - Shot by Wayne Simmonds.
3:30 of 3rd period - Shot Misses the Net.
3:41 of 3rd period - Shot by Wayne Simmonds.
3:41 of 3rd period - Shot Misses the Net.
3:44 of 3rd period - Minor Penalty to Wayne Simmonds for Goalie Interference.
3:45 of 3rd period - Phillip Danault wins face-off versus Filip Forsberg in TAMPA BAY zone.
3:52 of 3rd period - Shot by Roope Hintz.
3:52 of 3rd period - Shot Misses the Net.
3:54 of 3rd period - Shot by Nino Niederreiter.
3:54 of 3rd period - Shot Blocked by Zach Werenski.
3:56 of 3rd period - Shot by Keith Yandle.
3:56 of 3rd period - Stopped by Mike Smith without a rebound.
3:57 of 3rd period - Nathan MacKinnon wins face-off versus Elias Lindholm in TAMPA BAY zone.
4:11 of 3rd period - Icing by P.K. Subban.
4:12 of 3rd period - Nathan MacKinnon wins face-off versus Elias Lindholm in MONTREAL zone.
5:46 of 3rd period - Michael Grabner is hit by Filip Chytil.
6:15 of 3rd period - Icing by Rasmus Andersson.
6:16 of 3rd period - Vincent Trocheck wins face-off versus Filip Chytil in TAMPA BAY zone.
6:29 of 3rd period - Shot by Vincent Trocheck.
6:29 of 3rd period - Stopped by Mike Smith with a rebound.
6:42 of 3rd period - Roope Hintz is hit by Nick Leddy.
6:47 of 3rd period - Icing by Rasmus Andersson.
6:48 of 3rd period - Nathan MacKinnon wins face-off versus Viktor Arvidsson in TAMPA BAY zone.
6:53 of 3rd period - Shot by Max Pacioretty.
6:53 of 3rd period - Shot Misses the Net.
7:11 of 3rd period - Shot by Mathew Barzal.
7:11 of 3rd period - Shot Misses the Net.
7:13 of 3rd period - Shot by MacKenzie Weegar.
7:13 of 3rd period - Shot Misses the Net.
7:29 of 3rd period - Shot by Mathew Barzal.
7:29 of 3rd period - Stopped by Anton Khudobin with a rebound.
7:31 of 3rd period - Shot by Jakob Silfverberg.
7:31 of 3rd period - Stopped by Anton Khudobin without a rebound.
7:32 of 3rd period - Elias Lindholm wins face-off versus Brock McGinn in MONTREAL zone.
7:33 of 3rd period - Shot by Filip Forsberg.
7:33 of 3rd period - Shot Misses the Net.
7:59 of 3rd period - Shot by Filip Forsberg.
7:59 of 3rd period - Stopped by Anton Khudobin without a rebound.
8:00 of 3rd period - Phillip Danault wins face-off versus Robby Fabbri in MONTREAL zone.
8:30 of 3rd period - Robby Fabbri is hit by Phillip Danault and loses puck.
9:12 of 3rd period - Shot by P.K. Subban.
9:12 of 3rd period - Shot Misses the Net.
9:14 of 3rd period - Shot by P.K. Subban.
9:14 of 3rd period - Stopped by Mike Smith with a rebound.
9:16 of 3rd period - Shot by Max Pacioretty.
9:16 of 3rd period - Shot Blocked by Vladislav Gavrikov.
9:18 of 3rd period - Shot by Connor Murphy.
9:18 of 3rd period - Shot Blocked by Wayne Simmonds.
9:34 of 3rd period - MacKenzie Weegar is hit by Vincent Trocheck and loses puck.
9:47 of 3rd period - Adam Larsson is hit by Jake Virtanen and loses puck.
11:25 of 3rd period - Shot by Sebastian Aho.
11:25 of 3rd period - Stopped by Anton Khudobin without a rebound.
11:26 of 3rd period - Vincent Trocheck wins face-off versus Filip Chytil in MONTREAL zone.
11:53 of 3rd period - Shot by Nino Niederreiter.
11:53 of 3rd period - Shot Misses the Net.
12:20 of 3rd period - Off-side.
12:21 of 3rd period - Nathan MacKinnon wins face-off versus Elias Lindholm in neutral zone.
12:50 of 3rd period - Off-side.
12:51 of 3rd period - Phillip Danault wins face-off versus Mathew Barzal in neutral zone.
13:00 of 3rd period - Shot by Alex Iafallo.
13:00 of 3rd period - Shot Misses the Net.
13:02 of 3rd period - Shot by Roope Hintz.
13:02 of 3rd period - Stopped by Mike Smith with a rebound.
14:27 of 3rd period - Shot by Max Pacioretty.
14:27 of 3rd period - Stopped by Mike Smith with a rebound.
14:29 of 3rd period - Shot by Joel Armia.
14:29 of 3rd period - Stopped by Mike Smith without a rebound.
14:30 of 3rd period - Vincent Trocheck wins face-off versus Elias Lindholm in TAMPA BAY zone.
15:05 of 3rd period - Shot by Vincent Trocheck.
15:05 of 3rd period - Shot Misses the Net.
15:07 of 3rd period - Shot by Adam Larsson.
15:07 of 3rd period - Stopped by Mike Smith without a rebound.
15:08 of 3rd period - Roope Hintz wins face-off versus Mathew Barzal in TAMPA BAY zone.
15:27 of 3rd period - Shot by Jakob Silfverberg.
15:27 of 3rd period - Stopped by Anton Khudobin without a rebound.
15:28 of 3rd period - Nathan MacKinnon wins face-off versus Robby Fabbri in MONTREAL zone.
15:28 of 3rd period - Max Pacioretty is hit by Wayne Simmonds and loses puck.
15:48 of 3rd period - Icing by MacKenzie Weegar.
15:49 of 3rd period - Phillip Danault wins face-off versus Robby Fabbri in TAMPA BAY zone.
15:54 of 3rd period - Shot by Alex Iafallo.
15:54 of 3rd period - Shot Misses the Net.
16:03 of 3rd period - Minor Penalty to Jake Virtanen for Charging.
16:04 of 3rd period - Elias Lindholm wins face-off versus Nathan MacKinnon in TAMPA BAY zone.
16:14 of 3rd period - Tony DeAngelo is hit by John Klingberg and loses puck.
16:17 of 3rd period - Shot by Tony DeAngelo.
16:17 of 3rd period - Stopped by Mike Smith without a rebound.
16:18 of 3rd period - Elias Lindholm wins face-off versus Phillip Danault in TAMPA BAY zone.
16:47 of 3rd period - Shot by Keith Yandle.
16:47 of 3rd period - Shot Blocked by Vladislav Gavrikov.
16:49 of 3rd period - Shot by Keith Yandle.
16:49 of 3rd period - Shot Misses the Net.
16:51 of 3rd period - Shot by Roope Hintz.
16:51 of 3rd period - Shot Misses the Net.
19:14 of 3rd period - Wayne Simmonds is hit by Connor Murphy and loses puck.
19:45 of 3rd period - Shot by Mathew Barzal.
19:45 of 3rd period - Stopped by Anton Khudobin without a rebound.
19:46 of 3rd period - Roope Hintz wins face-off versus Elias Lindholm in MONTREAL zone.
19:48 of 3rd period - Icing by Tony DeAngelo.
19:49 of 3rd period - Vincent Trocheck wins face-off versus Elias Lindholm in MONTREAL zone.
19:56 of 3rd period - MONTREAL, Anton Khudobin is pulled from the net.
Goals for this period are 0 for TAMPA BAY vs 0 for MONTREAL.
Shots for this period are 10 for TAMPA BAY vs 11 for MONTREAL.